Map: Temple gelé

Players

Raph - Winner!

  • Race: Protoss Protoss
  • League: Gold
  • Spawn Location: 5:00

zidar

  • Race: Zerg Zerg
  • League: Platinum
  • Spawn Location: 11:00

VOD

Have the link to the VOD?

Description

Time

  • Played on: Nov. 1, 2016, 11:25 a.m.
  • Length: 19:03
Show
View Real Time Build Order
Export as new Build Order

Raph Protoss - Winner!

Build Orders:  

Get SALT Encoding   

  12  0:00  Probe (Chrono Boost)  
  13  0:11  Probe (Chrono Boost)  
  14  0:18  Pylon  
  14  0:22  Probe (Chrono Boost)  
  15  0:36  Probe (Chrono Boost)  
  15  0:39  Forge  
  16  0:47  Probe (Chrono Boost)  
  17  0:58  Probe (Chrono Boost)  
  18  1:08  Probe (Chrono Boost)  
  19  1:12  Pylon  
  19  1:21  Pylon  
  19  1:31  Photon Cannon  
  19  1:36  Photon Cannon  
  19  1:40  Probe (Chrono Boost)  
  20  1:57  Probe (Chrono Boost)  
  21  2:07  Probe (Chrono Boost)  
  21  2:18  Probe (Chrono Boost)  
  21  2:19  Nexus  
  21  2:22  Gateway  
  22  2:28  Probe (Chrono Boost)  
  23  2:30  Assimilator  
  23  2:34  Assimilator  
  23  2:37  Pylon  
  23  2:39  Probe (Chrono Boost)  
  24  2:49  Photon Cannon  
  24  2:59  Probe (Chrono Boost)  
  25  3:09  Probe (Chrono Boost)  
  26  3:15  Cybernetics Core  
  26  3:22  Zealot  
  26  3:24  Probe (Chrono Boost)  
  29  3:32  Probe (Chrono Boost)  
  30  3:35  Probe (Chrono Boost)  
  31  3:42  Probe (Chrono Boost)  
  31  3:45  Probe (Chrono Boost)  
  33  3:53  Probe (Chrono Boost), Twilight Council  
  33  3:54  Probe (Chrono Boost)  
  34  3:58  Warp Gate (Chrono Boost)  
  34  4:02  Stalker  
  37  4:04  Probe x2  
  39  4:13  Assimilator  
  39  4:14  Mothership Core  
  39  4:16  Probe  
  42  4:21  Pylon  
  42  4:26  Pylon  
  42  4:28  Probe  
  43  4:32  Dark Shrine  
  43  4:37  Probe  
  44  4:40  Probe  
  44  4:41  Assimilator  
  45  4:47  Probe  
  45  4:50  Stalker  
  45  4:52  Probe  
  49  4:56  Gateway  
  49  4:57  Gateway  
  49  5:01  Probe  
  49  5:04  Probe  
  51  5:12  Probe  
  52  5:15  Robotics Facility  
  52  5:19  Probe  
  53  5:27  Pylon  
  53  5:30  Pylon  
  53  5:49  Pylon  
  53  5:51  Dark Templar  
  53  5:52  Dark Templar x2, Pylon  
  59  6:14  Immortal  
  63  6:21  Nexus, Resonating Glaives  
  63  6:24  Pylon  
  63  6:27  Pylon  
  57  7:03  Immortal (Chrono Boost)  
  57  7:07  Protoss Ground Weapons Level 1, Stalker x3  
  67  7:18  Gateway x2  
  67  7:20  Gateway  
  67  7:24  Gateway  
  67  7:31  Adept x3  
  67  7:35  Gateway, Photon Cannon  
  67  7:36  Gateway  
  73  7:43  Pylon  
  73  7:47  Pylon  
  63  8:06  Adept x2  
  63  8:10  Immortal (Chrono Boost)  
  71  8:16  Probe x3  
  74  8:27  Probe  
  74  8:28  Probe x2  
  74  8:31  Pylon  
  74  8:33  Pylon  
  77  8:38  Probe  
  77  8:39  Assimilator  
  77  8:40  Probe x2  
  80  8:41  Assimilator  
  80  8:45  Stalker x3  
  80  8:46  Stalker x4  
  94  8:49  Observer (Chrono Boost)  
  94  8:54  Templar Archives  
  95  8:57  Photon Cannon  
  95  9:01  Protoss Ground Weapons Level 2  
  95  9:11  Dark Templar x7  
  95  9:15  Dark Templar  
  111  9:26  Archon x2  
  111  9:27  Archon x2  
  111  9:30  Psionic Storm  
  111  9:45  Nexus, Observer (Chrono Boost)  
  112  9:47  Pylon  
  112  9:48  Pylon  
  112  10:00  Robotics Facility  
  112  10:02  Robotics Bay  
  112  10:03  Probe  
  112  10:04  Probe x2  
  115  10:10  Adept x2  
  115  10:11  Adept x2  
  123  10:16  Probe  
  124  10:47  Photon Cannon  
  124  10:48  Gateway x2  
  124  11:02  High Templar x3  
  124  11:03  High Templar  
  132  11:07  Colossus (Chrono Boost)  
  132  11:08  Protoss Ground Weapons Level 3 (Chrono Boost)  
  144  11:12  Colossus (Chrono Boost)  
  144  11:13  Assimilator  
  144  11:15  Assimilator  
  144  11:50  Extended Thermal Lance  
  150  11:56  Charge  
  150  11:58  Colossus (Chrono Boost)  
  156  12:01  Colossus (Chrono Boost)  
  156  12:03  Photon Cannon  
  156  12:04  Photon Cannon  
  156  12:08  Photon Cannon, Pylon  
  156  12:20  Forge  
  156  12:26  Stargate, Protoss Air Weapons Level 1  
  156  12:27  Stargate  
  156  12:29  Pylon  
  156  12:30  Pylon  
  166  12:59  Immortal (Chrono Boost)  
  166  13:03  Colossus (Chrono Boost)  
  166  13:08  Pylon  
  166  13:11  Fleet Beacon, Pylon  
  166  13:18  Pylon  
  166  13:21  Pylon  
  166  13:32  Warp Prism (Chrono Boost)  
  168  13:38  Protoss Ground Armor Level 1 (Chrono Boost)  
  168  13:45  Protoss Shields Level 1 (Chrono Boost)  
  168  13:57  Tempest x2  
  176  14:05  Protoss Air Armor Level 1  
  176  14:22  Sentry  
  176  14:23  Sentry  
  176  14:24  Sentry  
  182  14:40  Tempest x2  
  190  15:05  Nexus  
  190  15:06  Pylon  
  190  15:08  Pylon  
  190  15:13  Zealot x2  
  194  15:14  Zealot  
  194  15:17  Dark Templar x2  
  197  15:41  Protoss Air Weapons Level 2  
  197  15:50  Assimilator  
  197  15:52  Assimilator, Pylon  
  197  15:56  Photon Cannon, Pylon  
  197  15:59  Gateway x2, Photon Cannon  
  197  16:02  Photon Cannon  
  197  16:04  Photon Cannon  
  197  16:05  Photon Cannon  
  197  16:07  Pylon  
  197  16:10  Pylon  
  197  16:16  Protoss Shields Level 2 (Chrono Boost), Protoss Ground Armor Level 2 (Chrono Boost)  
  197  16:25  Photon Cannon  
  197  16:28  Photon Cannon  
  197  16:29  Photon Cannon  
  197  16:30  Photon Cannon  
  197  16:31  Photon Cannon  
  197  16:57  Gateway, Pylon  
  197  16:59  Pylon  
  197  17:00  Gateway  
  197  17:03  Photon Cannon  
  197  17:05  Gateway  
  197  17:19  Pylon  
  197  17:21  Pylon  
  197  17:25  Pylon  
Show
View Real Time Build Order
Export as new Build Order

zidar Zerg 

Build Orders: 3 Hatch before Pool 

Get SALT Encoding   

  12  0:02  Drone  
  13  0:12  Overlord  
  13  0:17  Drone  
  14  0:32  Drone x2  
  16  0:53  Hatchery  
  16  0:55  Drone  
  16  0:59  Extractor  
  16  1:00  Drone  
  16  1:05  Drone  
  18  1:59  Hatchery  
  18  2:00  Spawning Pool  
  15  2:48  Queen  
  15  2:49  Roach Warren  
  16  3:08  Extractor  
  16  3:09  Drone x3  
  18  3:22  Overlord  
  18  3:31  Queen  
  20  3:35  Roach x4  
  28  3:44  Drone  
  30  3:48  Drone  
  30  4:00  Ravager x2  
  30  4:02  Ravager  
  33  4:08  Drone x3  
  36  4:13  Overlord  
  36  4:32  Ravager  
  37  4:45  Drone x2  
  39  4:50  Roach x2  
  43  5:19  Overlord x3  
  43  5:24  Lair  
  43  5:30  Ravager  
  44  5:42  Roach x7  
  58  5:45  Ravager  
  59  5:52  Drone x3  
  62  6:14  Drone x6  
  64  6:28  Overseer  
  40  7:02  Drone  
  40  7:03  Drone x8  
  17  8:11  Queen  
  19  8:14  Metabolic Boost  
  19  8:19  Drone x9  
  28  8:43  Evolution Chamber  
  28  8:44  Evolution Chamber  
  26  8:49  Baneling Nest  
  26  8:50  Drone x4  
  26  8:51  Drone  
  30  8:57  Extractor  
  30  8:58  Extractor  
  30  9:02  Drone  
  29  9:04  Drone  
  30  9:17  Drone x4  
  34  9:38  Centrifical Hooks  
  34  9:42  Zergling x10  
  34  9:44  Zergling x2  
  40  9:46  Zergling x2  
  41  10:07  Baneling x4  
  41  10:09  Baneling  
  41  10:11  Hatchery  
  40  10:25  Zergling x10  
  40  10:26  Zergling x2  
  46  10:32  Drone x3  
  49  10:38  Drone x2  
  49  10:39  Drone  
  52  10:44  Overlord  
  52  11:03  Drone x6  
  52  11:04  Drone  
  59  11:12  Overlord  
  59  11:14  Overlord  
  59  11:22  Drone  
  59  11:23  Drone x2  
  62  11:27  Queen  
  62  11:31  Overlord  
  64  11:36  Zergling x8  
  64  11:38  Baneling x3  
  68  11:43  Pneumatized Carapace  
  68  11:47  Drone  
  69  11:59  Spire  
  68  12:03  Drone  
  68  12:08  Drone x3  
  72  12:09  Drone x2  
  72  12:10  Drone  
  75  12:18  Extractor  
  75  12:19  Extractor  
  73  12:29  Overseer  
  73  12:35  Zergling x24  
  73  12:36  Zergling x4  
  87  12:38  Baneling  
  87  12:39  Baneling x14  
  87  12:41  Zerg Melee Weapons Level 1  
  87  12:45  Zerg Ground Armor Level 1  
  87  13:06  Drone x3  
  87  13:09  Baneling x8  
  87  13:11  Overlord  
  87  13:12  Overlord, Hatchery  
  89  13:13  Overlord  
  89  13:33  Infestation Pit  
  88  13:46  Drone x3  
  91  13:50  Drone x3  
  91  13:51  Drone  
  91  13:52  Drone  
  96  13:58  Zergling x30  
  111  14:10  Hive  
  111  14:16  Overlord x2  
  111  14:17  Overlord x2  
  111  14:45  Zerg Ground Armor Level 2  
  111  14:48  Zerg Melee Weapons Level 2  
  111  14:52  Drone x3  
  112  15:36  Ultralisk Cavern, Adrenal Glands  
  111  15:43  Overlord x3  
  111  15:44  Overlord x4  
  111  16:43  Ultralisk  
  111  16:44  Ultralisk x2  
  111  16:45  Ultralisk x2  
  111  16:46  Ultralisk x2  
  159  16:47  Ultralisk x2  
  159  16:48  Ultralisk x4  
  159  16:53  Extractor  
  188  16:54  Extractor  
  188  16:56  Chitinous Plating  
  187  17:53  Hatchery  
  186  18:00  Baneling x5  
  186  18:01  Baneling x4  
  186  18:12  Corruptor x3  
  188  18:13  Corruptor x3  
  188  18:14  Corruptor  
Tags
 
Add a new tag
Caveats
  • Supply blocks, unpowered buildings, or Contaminate may cause inaccurate times.
  • Supply counts are checked every 10 seconds.